 Dungeon Crawl Stone Soup version 0.18.1-5-g4a78601 (webtiles) character file.

306 inmateoo the Insei (level 6, -7/43 HPs)
             Began as a Demonspawn Transmuter on May 13, 2016.
             Mangled by Duvessa
             ... wielding a +2 rapier of flaming
              (9 damage)
             ... on level 4 of the Dungeon.
             The game lasted 00:04:07 (3424 turns).

inmateoo the Insei (Demonspawn Transmuter)          Turns: 3424, Time: 00:04:08

Health: -7/43      AC:  7    Str: 10 (12) XL:     6   Next: 16%
Magic:  1/9        EV: 17    Int: 13 (15) God:
Gold:   149        SH:  0    Dex: 16 (18) Spells: 3 memorised, 3 levels left

rFire  . . .     SeeInvis .       - Unarmed
rCold  . . .     Gourm    .     b - +0 robe
rNeg   . . .     Faith    .     (no shield)
rPois  .         Spirit   .     h - +0 helmet
rElec  .         Dismiss  .     g - +0 cloak
rCorr  .         Reflect  .     (no gloves)
SustAt .         Harm     .     k - +0 pair of boots
MR     .....                    (no amulet)
Stlth  +++.......               (no ring)
                                f - ring of stealth

@: agile, not resistant to hostile enchantments, fairly stealthy
A: hooves 1, slimy green scales 1, spiny 2
a: no special abilities


You were on level 4 of the Dungeon.
You were not hungry.

You visited 1 branch of the dungeon, and saw 4 of its levels.

You collected 149 gold pieces.

Inventory:

Hand Weapons
 l - a cursed +0 mace
 n - a +0 dagger of venom
Missiles
 a - 38 arrows
Armour
 b - a +0 robe (worn)
 g - a +0 cloak (worn)
 h - a +0 helmet (worn)
 k - a +0 pair of boots (worn)
Jewellery
 f - a ring of stealth (left hand)
 u - an uncursed amulet of faith {unknown}
Scrolls
 d - a scroll of noise {unknown}
 e - a scroll of magic mapping {unknown}
 i - 3 scrolls of remove curse
 j - a scroll of immolation {unknown}
 q - a scroll of fear {unknown}
 w - a scroll of recharging {unknown}
 x - a scroll of random uselessness {unknown}
 y - a scroll of identify {unknown}
Potions
 o - a potion of brilliance
 v - a potion of agility
 z - a potion of cure mutation {unknown}
Books
 c - a book of Changes

   Spells                             Type                      Level
   a - Beastly Appendage              Transmutation                1
   b - Sticks to Snakes               Transmutation                2
   c - Spider Form                    Transmutation/Poison         3
   d - Ice Form                       Ice/Transmutation            4
   e - Blade Hands                    Transmutation                5
Comestibles
 m - a bread ration
 s - 4 fruits
 A - a chunk of flesh


   Skills:
 - Level 1.0 Fighting
 - Level 1.7 Dodging
 + Level 6.3 Unarmed Combat
 - Level 2.0 Spellcasting
 - Level 1.7 Transmutations


You had 3 spell levels left.
You knew the following spells:

 Your Spells              Type           Power        Failure   Level  Hunger
a - Beastly Appendage     Trmt           #.....       14%         1    ##.....
b - Sticks to Snakes      Trmt           #.......     21%         2    ###....
c - Spider Form           Trmt/Pois      #.........   65%         3    ####...


Dungeon Overview and Level Annotations

Branches:
Dungeon (4/15)
 Temple: D:4-7

Altars:
Sif Muna
Trog
Yredelemnul

Annotations:
D:3 IjonTichy1's ghost, amateur OpAs
D:4 Duvessa


Innate Abilities, Weirdness & Mutations

You have large cloven feet.
You are partially covered in slimy green scales (AC +2).
You are mostly covered in sharp spines.


Message History

You aren't carrying any items that you can evoke.
Drink which item? (? for menu, Esc to quit)
It was a potion of resistance.
You feel protected.
Drink which item? (? for menu, Esc to quit)
It was a potion of degeneration.
There was something very wrong with that liquid.
You feel weakened.
You feel dopey.
You feel clumsy.
Drink which item? (? for menu, Esc to quit)
It was a potion of cancellation.
Your magical effects are unravelling.
You feel magically purged.
You feel a little less clever now.
Your resistance to elements expires.
Unknown command.
Drink which item? (? for menu, Esc to quit)
It was a potion of agility.
You feel agile all of a sudden. Duvessa is struck by your spines.
Duvessa hits you with a rapier of flaming!
You die...

#...##.##.......#
###.#.##.# #.....#
#.....##.# #...#
#.#.####.#####)##
#.#.##......##.#
#.#......##.##.#
#.####.####.##.##
#.......# #.#.e.##
######..###...@..#
#...##.#...#######
#.................
#...#####.########
##### #.# #.# #.#
#.# #######.###


You could see Duvessa (berserk).

Vanquished Creatures
  A necrophage (D:3)
  A giant frog skeleton (D:4)
  An iguana (D:4)
  A hound skeleton (D:4)
  A gnoll (D:1)
  4 adders
  An adder zombie (D:2)
  3 giant geckos
  7 bats
  2 bat skeletons (D:2)
  2 bat zombies (D:2)
  2 giant cockroaches
  7 goblins
  5 hobgoblins
  8 jackals (D:2)
  2 quokkas
  2 ball pythons
  A giant gecko zombie (D:2)
  2 giant newts
  13 kobolds
  2 rats (D:3)
68 creatures vanquished.

Vanquished Creatures (collateral kills)
  Dowan (D:4)
1 creature vanquished.

Grand Total: 69 creatures vanquished

Notes
Turn   | Place    | Note
--------------------------------------------------------------
     0 | D:1      | inmateoo the Demonspawn Transmuter began the quest for the Orb.
     0 | D:1      | Reached XP level 1. HP: 15/15 MP: 3/3
   158 | D:1      | Reached skill level 3 in Unarmed Combat
   213 | D:1      | Gained mutation: You are partially covered in slimy green scales (AC +2). [demonic ancestry]
   213 | D:1      | Reached XP level 2. HP: 10/21 MP: 5/5
   930 | D:1      | Gained mutation: You have large cloven feet. [demonic ancestry]
   930 | D:1      | Reached XP level 3. HP: 25/26 MP: 6/6
  1325 | D:2      | Reached skill level 4 in Unarmed Combat
  1363 | D:2      | Found a bloodstained altar of Trog.
  1536 | D:2      | Found a basalt altar of Yredelemnul.
  1960 | D:2      | Learned a level 2 spell: Sticks to Snakes
  2011 | D:2      | Learned a level 3 spell: Spider Form
  2093 | D:2      | Gained mutation: You are partially covered in sharp spines. [demonic ancestry]
  2093 | D:2      | Reached XP level 4. HP: 29/32 MP: 7/7
  2257 | D:3      | Noticed IjonTichy1's ghost (amateur OpAs)
  2740 | D:3      | Noticed a necrophage
  2755 | D:3      | Killed a necrophage
  2755 | D:3      | Reached skill level 5 in Unarmed Combat
  2755 | D:3      | Gained mutation: You are mostly covered in sharp spines. [demonic ancestry]
  2755 | D:3      | Reached XP level 5. HP: 36/37 MP: 5/8
  2864 | D:3      | Found a deep blue altar of Sif Muna.
  3328 | D:4      | Reached skill level 6 in Unarmed Combat
  3400 | D:4      | Noticed Duvessa
  3400 | D:4      | Noticed Dowan
  3414 | D:4      | HP: 1/37 [Dowan/dagger (5)]
  3415 | D:4      | Killed Dowan
  3415 | D:4      | Reached XP level 6. HP: 1/43 MP: 2/9
  3424 | D:4      | Mangled by Duvessa

Skill      XL: |  1  2  3  4  5 |
---------------+----------------+-----
Unarmed Combat | 3 4 5 6 |  6.3
Fighting       | |  1.0
Dodging        | |  1.7
Spellcasting   | |  2.0
Transmutations | |  1.7

Action                   |  1- 3 |  4- 6 || total
-------------------------+-------+-------++-------
Melee: Unarmed           |   219 |    51 ||   270
       Kick              |    10 |       ||    10
       Punch             |     3 |     3 ||     6
 Cast: Beastly Appendage |     2 |       ||     2
       Sticks to Snakes  |       |     5 ||     5
  Use: Scroll            |     3 |       ||     3
       Potion            |     1 |     5 ||     6
 Stab: Sleeping          |     4 |     8 ||    12
       Distracted        |       |     1 ||     1
  Eat: Bread ration      |     1 |       ||     1
       Chunk             |       |     4 ||     4
Armor: Robe              |   114 |     6 ||   120
       Skin              |     2 |       ||     2
Dodge: Dodged            |   177 |    26 ||   203
